[Event "39th Olympiad Khanty-Mansiysk 2010"]
[Site "Khanty-Mansiysk/Russia"]
[Date "2010.09.21"]
[Round "1"]
[White "Horn, Emilia"]
[Black "Kabanova, Yekaterina"]
[Result "1-0"]
[WhiteElo "2012"]
[BlackElo "2177"]
[PlyCount "133"]
[EventDate "2010.??.??"]
[WhiteTeam "Sweden"]
[BlackTeam "RU3"]
[WhiteTeamCountry "SWE"]
[TimeControl "40/5400+30:1800+30"]

1. e4 c5 2. Nf3 e6 3. b3 a6 4. c4 Nc6 5. Bb2 d6 6. Nc3 Nf6 7. d4 cxd4 8. Nxd4
Be7 9. Be2 O-O 10. O-O Qb6 11. Nxc6 bxc6 12. Qd3 Bb7 13. Rad1 Rfd8 14. Qg3 e5
15. Kh1 Nd7 16. f4 Qc7 17. Bc1 Bf6 18. f5 Nb6 19. Bf3 Qe7 20. Be3 Nd7 21. Rd2
a5 22. Na4 c5 23. Rfd1 Nf8 24. Nc3 Bc6 25. a4 Qc7 26. Bh6 Kh8 27. Bg5 Bxg5 28.
Qxg5 h6 29. Qe3 Nh7 30. Rd3 Rd7 31. Qd2 Rad8 32. h4 Qb8 33. Nb5 Bxb5 34. axb5
Qa8 35. Ra1 Nf6 36. Rxa5 Qb7 37. Re3 Ra8 38. Re1 Rdd8 39. Rxa8 Qxa8 40. Qb2 Qb7
41. Qd2 Qe7 42. g3 Ra8 43. Rd1 Ra3 44. Qxd6 Qxd6 45. Rxd6 Rxb3 46. Bd1 Rb1 47.
Kg2 Nxe4 48. Rd8+ Kh7 49. Kf3 Nf6 50. g4 Rb4 51. g5 hxg5 52. hxg5 Nh5 53. Rd5
Rxc4 54. Rxe5 Rc3+ 55. Ke4 Ng3+ 56. Kd5 Rd3+ 57. Kxc5 Rxd1 58. b6 Rb1 59. Kc6
f6 60. gxf6 gxf6 61. Rb5 Rxb5 62. Kxb5 Nxf5 63. Kc6 Nd4+ 64. Kd5 Nb5 65. Kc5 f5
66. Kxb5 f4 67. b7 1-0

[Event "39th Olympiad Khanty-Mansiysk 2010"]
[Site "Khanty-Mansiysk/Russia"]
[Date "2010.09.21"]
[Round "1"]
[White "Cossa, Pedro Ventura"]
[Black "Roussel-Roozmon, Thomas"]
[Result "0-1"]
[WhiteElo "2010"]
[BlackElo "2484"]
[PlyCount "62"]
[EventDate "2010.??.??"]
[WhiteTeam "Mozambique"]
[BlackTeam "Canada"]
[WhiteTeamCountry "MOZ"]
[BlackTeamCountry "CAN"]
[TimeControl "40/5400+30:1800+30"]

1. f4 d5 2. Nf3 Nf6 3. e3 g6 4. b3 Bg7 5. Bb2 O-O 6. Be2 c5 7. O-O Nc6 8. Bb5
Qb6 9. Bxc6 Qxc6 10. Ne5 Qc7 11. Nc3 b6 12. Qf3 Bb7 13. Qh3 d4 14. Nb5 Qd8 15.
f5 a6 16. fxg6 hxg6 17. Na3 b5 18. exd4 cxd4 19. Rae1 Qd6 20. d3 Nh5 21. Nf3 e5
22. g4 Nf4 23. Qg3 Rae8 24. Bc1 Qc6 25. Bd2 Nd5 26. h4 Ne3 27. Rf2 f5 28. g5 e4
29. Nxd4 Bxd4 30. Bxe3 exd3 31. Kh2 Rxe3 0-1

[Event "39th Olympiad Khanty-Mansiysk 2010"]
[Site "Khanty-Mansiysk/Russia"]
[Date "2010.09.21"]
[Round "1"]
[White "Maduro, Sherman"]
[Black "Cmilyte, Viktorija"]
[Result "0-1"]
[WhiteElo "2009"]
[BlackElo "2513"]
[PlyCount "51"]
[EventDate "2010.??.??"]
[WhiteTeam "Netherlands Antilles"]
[BlackTeam "Lithuania"]
[WhiteTeamCountry "AHO"]
[BlackTeamCountry "LTU"]
[TimeControl "40/5400+30:1800+30"]

1. Nf3 f5 2. d4 Nf6 3. g3 g6 4. Bg2 Bg7 5. O-O O-O 6. c4 d6 7. Nc3 c6 8. Qc2
Na6 9. a3 Qe8 10. Re1 e5 11. e3 e4 12. Nd2 d5 13. b4 Nc7 14. Rb1 g5 15. c5 f4
16. gxf4 gxf4 17. exf4 Ne6 18. Ne2 Ng4 19. Nxe4 dxe4 20. h3 Nf6 21. f5 Nc7 22.
Ng3 Ncd5 23. Re3 Kh8 24. Kh2 Qf7 25. Qc4 Qc7 26. Qe2 0-1

[Event "39th Olympiad Khanty-Mansiysk 2010"]
[Site "Khanty-Mansiysk/Russia"]
[Date "2010.09.21"]
[Round "1"]
[White "Belzo, Krzysztof"]
[Black "Zhigalko, Andrey"]
[Result "0-1"]
[WhiteElo "2007"]
[BlackElo "2580"]
[PlyCount "60"]
[EventDate "2010.??.??"]
[WhiteTeam "Channel Islands"]
[BlackTeam "Belarus"]
[WhiteTeamCountry "JCI"]
[BlackTeamCountry "BLR"]
[TimeControl "40/5400+30:1800+30"]

1. c4 g6 2. Nc3 Bg7 3. g3 Nf6 4. Bg2 O-O 5. Nf3 d6 6. O-O a6 7. d4 Nc6 8. e4
Bg4 9. h3 Bxf3 10. Bxf3 Nd7 11. Be3 e5 12. d5 Nd4 13. Bg2 c5 14. f4 exf4 15.
gxf4 b5 16. cxb5 axb5 17. Ne2 Nxe2+ 18. Qxe2 b4 19. Kh1 Re8 20. Bg1 Qh4 21. Qb5
Nf6 22. Qc6 Rac8 23. Qxd6 Nxe4 24. Bxe4 Qxh3+ 25. Bh2 Rxe4 26. Rf2 Bd4 27. Rg2
Rce8 28. f5 Re1+ 29. Rxe1 Rxe1+ 30. Rg1 Qf3# 0-1

[Event "39th Olympiad Khanty-Mansiysk 2010"]
[Site "Khanty-Mansiysk/Russia"]
[Date "2010.09.21"]
[Round "1"]
[White "Borigas, Edgardo"]
[Black "Rasmussen, Allan Stig"]
[Result "0-1"]
[WhiteElo "2005"]
[BlackElo "2530"]
[PlyCount "62"]
[EventDate "2010.??.??"]
[WhiteTeam "Hong Kong"]
[BlackTeam "Denmark"]
[WhiteTeamCountry "HKG"]
[BlackTeamCountry "DEN"]
[TimeControl "40/5400+30:1800+30"]

1. e4 c5 2. Nf3 e6 3. d4 cxd4 4. Nxd4 Nc6 5. Nc3 Qc7 6. Be2 a6 7. Nb3 Nf6 8.
Be3 Bb4 9. f3 d5 10. exd5 Nxd5 11. Bd2 Nxc3 12. Bxc3 Bxc3+ 13. bxc3 O-O 14. O-O
Ne7 15. Qd4 b6 16. c4 Rd8 17. Qf2 Bd7 18. Bd3 Nc6 19. c5 b5 20. Be4 Rac8 21. f4
a5 22. a4 b4 23. Rfd1 Be8 24. c3 Rxd1+ 25. Rxd1 bxc3 26. Qc2 Nb4 27. Qxc3 Bxa4
28. Rc1 Na2 29. Bxh7+ Kf8 30. Qb2 Nxc1 31. Nxc1 Qxc5+ 0-1

[Event "39th Olympiad Khanty-Mansiysk 2010"]
[Site "Khanty-Mansiysk/Russia"]
[Date "2010.09.21"]
[Round "1"]
[White "Richards, Deborah"]
[Black "Ortiz, Nadya Karolina"]
[Result "1-0"]
[WhiteElo "2003"]
[BlackElo "2212"]
[PlyCount "25"]
[EventDate "2010.??.??"]
[WhiteTeam "Jamaica"]
[BlackTeam "Colombia"]
[WhiteTeamCountry "JAM"]
[BlackTeamCountry "COL"]
[TimeControl "40/5400+30:1800+30"]

1. c4 Nf6 2. Nc3 g6 3. e4 d6 4. d4 Bg7 5. Nf3 O-O 6. Be2 e5 7. O-O Nc6 8. d5
Ne7 9. Ne1 Nd7 10. Be3 f5 11. f3 f4 12. Bf2 g5 13. a4 1-0

[Event "39th Olympiad Khanty-Mansiysk 2010"]
[Site "Khanty-Mansiysk/Russia"]
[Date "2010.09.21"]
[Round "1"]
[White "Smith, Olivia"]
[Black "Milliet, Sophie"]
[Result "1/2-1/2"]
[WhiteElo "2002"]
[BlackElo "2388"]
[PlyCount "61"]
[EventDate "2010.??.??"]
[WhiteTeam "Wales"]
[BlackTeam "France"]
[WhiteTeamCountry "WLS"]
[BlackTeamCountry "FRA"]
[TimeControl "40/5400+30:1800+30"]

1. e4 c5 2. Nf3 e6 3. d4 cxd4 4. Nxd4 Nc6 5. Nc3 Qc7 6. Be2 a6 7. O-O Nf6 8.
Bg5 Bb4 9. Bxf6 gxf6 10. Nxc6 bxc6 11. Qd4 Be7 12. Rad1 Rb8 13. b3 Qe5 14. Qxe5
fxe5 15. Bh5 d5 16. f4 exf4 17. Rxf4 O-O 18. e5 f6 19. exf6 Rxf6 20. Rxf6 Bxf6
21. Ne2 e5 22. Ng3 Bg5 23. Kf2 a5 24. Rd3 e4 25. Nxe4 dxe4 26. Rg3 Rb5 27. h4
h6 28. hxg5 hxg5 29. Bg6 Re5 30. Ke3 c5 31. Bxe4 1/2-1/2

[Event "39th Olympiad Khanty-Mansiysk 2010"]
[Site "Khanty-Mansiysk/Russia"]
[Date "2010.09.21"]
[Round "1"]
[White "Roberts, Lynda"]
[Black "Collas, Silvia"]
[Result "0-1"]
[WhiteElo "1999"]
[BlackElo "2320"]
[PlyCount "86"]
[EventDate "2010.??.??"]
[WhiteTeam "Wales"]
[BlackTeam "France"]
[WhiteTeamCountry "WLS"]
[BlackTeamCountry "FRA"]
[TimeControl "40/5400+30:1800+30"]

1. e4 c5 2. Nc3 e6 3. g3 Nc6 4. Bg2 g6 5. d3 Bg7 6. Be3 Nd4 7. Qd2 Rb8 8. Nd1
e5 9. f4 exf4 10. Bxf4 d6 11. c3 Ne6 12. Be3 h6 13. Nf3 b6 14. O-O Bb7 15. Nh4
Nf6 16. Bh3 Qe7 17. Nf2 Nd7 18. Rae1 Ne5 19. Bg2 Ng5 20. Nh3 Nxh3+ 21. Bxh3 c4
22. dxc4 Nxc4 23. Qf2 Nxe3 24. Qxe3 O-O 25. Rf2 Rbe8 26. Rfe2 Qc7 27. Qd3 Qc5+
28. Qe3 Qc4 29. Qd2 Rd8 30. a3 Rfe8 31. Bg2 Re6 32. Kh1 Rde8 33. Qc2 b5 34. Bf3
f5 35. b3 Qxc3 36. Qxc3 Bxc3 37. Rc1 Ba5 38. Bg2 fxe4 39. b4 Bb6 40. Rce1 d5
41. Bh3 Rf6 42. Bd7 Ref8 43. Bxb5 g5 0-1

[Event "39th Olympiad Khanty-Mansiysk 2010"]
[Site "Khanty-Mansiysk/Russia"]
[Date "2010.09.21"]
[Round "1"]
[White "Mak, Kei Keng"]
[Black "Pancevski, Filip"]
[Result "0-1"]
[WhiteElo "1996"]
[BlackElo "2410"]
[PlyCount "76"]
[EventDate "2010.??.??"]
[WhiteTeam "Macau"]
[BlackTeam "MKD"]
[WhiteTeamCountry "MAC"]
[TimeControl "40/5400+30:1800+30"]

1. Nf3 g6 2. d4 Bg7 3. e4 c6 4. c4 d6 5. Nc3 Nf6 6. Bd3 O-O 7. h3 Na6 8. a3 e5
9. d5 cxd5 10. cxd5 Nc5 11. Bc2 a5 12. Be3 Nh5 13. Qd2 b6 14. O-O-O Ba6 15. g4
Nf4 16. Bxf4 exf4 17. Kb1 b5 18. b4 axb4 19. axb4 Na4 20. Nd4 Qf6 21. Bxa4 bxa4
22. b5 Rfb8 23. Ka2 Bc8 24. Qc2 Bd7 25. Rd3 Qxd4 26. Rxd4 Bxd4 27. Qd2 Be5 28.
Rb1 Rb6 29. Qd3 Ra5 30. f3 Kf8 31. Ka3 Ke7 32. Rb4 g5 33. Rxa4 Bxb5 34. Nxb5
Raxb5 35. Qc2 Kf6 36. Ra7 Rb1 37. Rxf7+ Kxf7 38. Qc7+ Kg6 0-1

[Event "39th Olympiad Khanty-Mansiysk 2010"]
[Site "Khanty-Mansiysk/Russia"]
[Date "2010.09.21"]
[Round "1"]
[White "Thorsteinsdottir, Hallger"]
[Black "Zawadzka, Jolanta"]
[Result "0-1"]
[WhiteElo "1995"]
[BlackElo "2410"]
[PlyCount "84"]
[EventDate "2010.??.??"]
[WhiteTeam "Iceland"]
[BlackTeam "Poland"]
[WhiteTeamCountry "ISL"]
[BlackTeamCountry "POL"]
[TimeControl "40/5400+30:1800+30"]

1. e4 c5 2. Nf3 e6 3. c3 d5 4. exd5 exd5 5. d4 Nc6 6. Bb5 Be6 7. O-O Be7 8. Be3
c4 9. Ne5 Qb6 10. Qa4 a6 11. Bxc6+ bxc6 12. Qxc6+ Qxc6 13. Nxc6 Bd6 14. Nd2 f6
15. b3 a5 16. b4 axb4 17. Nxb4 Kd7 18. a4 Ra5 19. Rfb1 Ne7 20. Rb2 Rha8 21.
Rba2 Nc8 22. f3 Nb6 23. Bf2 Bf7 24. Nc2 Rxa4 25. Rxa4 Rxa4 26. Rb1 Bg6 27. Rxb6
Bxc2 28. Bg3 Bxg3 29. hxg3 Bd3 30. f4 Ra3 31. Rb7+ Ke6 32. Rxg7 h5 33. Rg8 Rxc3
34. Rh8 Rc1+ 35. Kf2 Rd1 36. Ke3 Bf5 37. Re8+ Kf7 38. Ra8 Bg4 39. Ra7+ Kg6 40.
Ra2 Re1+ 41. Kf2 Re2+ 42. Kf1 c3 0-1

[Event "39th Olympiad Khanty-Mansiysk 2010"]
[Site "Khanty-Mansiysk/Russia"]
[Date "2010.09.21"]
[Round "1"]
[White "Giulian, Rosemary A"]
[Black "Vajda, Szidonia"]
[Result "0-1"]
[WhiteElo "1990"]
[BlackElo "2342"]
[PlyCount "100"]
[EventDate "2010.??.??"]
[WhiteTeam "Scotland"]
[BlackTeam "Hungary"]
[WhiteTeamCountry "SCO"]
[BlackTeamCountry "HUN"]
[TimeControl "40/5400+30:1800+30"]

1. e4 c5 2. c3 Nf6 3. e5 Nd5 4. d4 cxd4 5. Nf3 Nc6 6. cxd4 d6 7. Bc4 Nb6 8. Bb5
Bd7 9. exd6 e6 10. O-O Bxd6 11. Nc3 Nb4 12. Bxd7+ Qxd7 13. a3 Nc6 14. Ne4 Be7
15. Be3 O-O 16. Qe2 Qd5 17. Nc3 Qh5 18. Ne5 Qxe2 19. Nxe2 Na5 20. b4 Nac4 21.
Rfc1 Nxe3 22. fxe3 Rfc8 23. Kf2 a5 24. Rxc8+ Nxc8 25. bxa5 Nd6 26. Rc1 Rxa5 27.
Rc7 Bf8 28. Nd7 Rxa3 29. Ng3 Ra8 30. Nb6 Ra6 31. Nd7 Ra8 32. Nb6 Ra2+ 33. Kf3
f5 34. Ne2 g5 35. Nc1 Rd2 36. h3 Ne4 37. Ne2 h5 38. g4 Rd1 39. gxf5 exf5 40.
Nd5 Rf1+ 41. Kg2 Rf2+ 42. Kg1 Rxe2 43. Rxb7 Bd6 44. Kf1 Rh2 45. Ne7+ Bxe7 46.
Rxe7 Rxh3 47. Ke2 Nc3+ 48. Kd2 Nd5 49. Re8+ Kf7 50. Re5 Nxe3 0-1

[Event "39th Olympiad Khanty-Mansiysk 2010"]
[Site "Khanty-Mansiysk/Russia"]
[Date "2010.09.21"]
[Round "1"]
[White "Hamid, Rani"]
[Black "Galliamova, Alisa"]
[Result "0-1"]
[WhiteElo "1986"]
[BlackElo "2482"]
[PlyCount "104"]
[EventDate "2010.??.??"]
[WhiteTeam "Bangladesh"]
[BlackTeam "RU1"]
[WhiteTeamCountry "BAN"]
[TimeControl "40/5400+30:1800+30"]

1. e4 c5 2. Nf3 d6 3. d4 cxd4 4. Nxd4 Nf6 5. Nc3 Nc6 6. Be2 e5 7. Nb3 Be7 8.
Be3 O-O 9. O-O a5 10. a4 Nb4 11. f4 Be6 12. f5 Bd7 13. Bf3 d5 14. Bg5 d4 15.
Nb1 Qb6 16. Kh1 Rfd8 17. Bd2 Rac8 18. Bxb4 Qxb4 19. c3 dxc3 20. bxc3 Qc4 21.
N3d2 Qd3 22. Be2 Qe3 23. Rf3 Qa7 24. Qe1 Bc6 25. Bf1 Rd7 26. h3 Rcd8 27. Kh2 b6
28. Bb5 Bxb5 29. axb5 Ne8 30. Qe2 Qc7 31. Ra4 Bg5 32. Rc4 Qb7 33. Nb3 Rd1 34.
Rf1 Rxf1 35. Qxf1 Nd6 36. Rc6 Nxe4 37. Qf3 Bf4+ 38. Kg1 Ng5 39. Qe2 h6 40. h4
Nh7 41. Qf3 a4 42. Nd4 Qe7 43. g3 exd4 44. Qxf4 Qe1+ 45. Qf1 Qxg3+ 46. Qg2 Qe1+
47. Qf1 Re8 48. Qxe1 Rxe1+ 49. Kf2 Rxb1 50. Rc8+ Nf8 51. cxd4 Rxb5 52. Ke3 a3
0-1

[Event "39th Olympiad Khanty-Mansiysk 2010"]
[Site "Khanty-Mansiysk/Russia"]
[Date "2010.09.21"]
[Round "1"]
[White "Celis, Solomon B"]
[Black "Nedev, Trajko"]
[Result "0-1"]
[WhiteElo "1985"]
[BlackElo "2505"]
[PlyCount "70"]
[EventDate "2010.??.??"]
[WhiteTeam "Macau"]
[BlackTeam "MKD"]
[WhiteTeamCountry "MAC"]
[TimeControl "40/5400+30:1800+30"]

1. d4 Nf6 2. c4 c5 3. d5 e6 4. Nc3 exd5 5. cxd5 d6 6. e4 g6 7. Bf4 a6 8. a4 Bg7
9. Qd2 O-O 10. f3 Nh5 11. Be3 f5 12. Bg5 Qe8 13. Nge2 Nd7 14. Bh6 f4 15. Bxg7
Kxg7 16. g4 fxg3 17. hxg3 Ne5 18. O-O-O Nxf3 19. Qe3 Qe5 20. Bh3 Qg5 21. Qxg5
Nxg5 22. Bxc8 Raxc8 23. Rdf1 Rxf1+ 24. Rxf1 Re8 25. Nf4 Nxg3 26. Rg1 N3xe4 27.
Re1 Nf6 28. Ne6+ Nxe6 29. dxe6 h5 30. Kd2 g5 31. Kd3 g4 32. Kc4 h4 33. a5 g3
34. Nd5 Nxd5 35. Kxd5 g2 0-1

[Event "39th Olympiad Khanty-Mansiysk 2010"]
[Site "Khanty-Mansiysk/Russia"]
[Date "2010.09.21"]
[Round "1"]
[White "Pereira, Amanda Marques"]
[Black "Ju, Wenjun"]
[Result "0-1"]
[WhiteElo "1980"]
[BlackElo "2516"]
[PlyCount "98"]
[EventDate "2010.??.??"]
[WhiteTeam "Brazil"]
[BlackTeam "China"]
[WhiteTeamCountry "BRA"]
[BlackTeamCountry "CHN"]
[TimeControl "40/5400+30:1800+30"]

1. e4 c5 2. Nf3 e6 3. d4 cxd4 4. Nxd4 a6 5. Nc3 Qc7 6. Be2 Nf6 7. O-O Be7 8.
Kh1 O-O 9. f4 d6 10. Qe1 Bd7 11. Qg3 Nc6 12. Nb3 Kh8 13. Be3 b5 14. a3 b4 15.
axb4 Nxb4 16. Nd4 a5 17. Bf3 e5 18. fxe5 dxe5 19. Rac1 Rac8 20. Nf5 Bxf5 21.
exf5 Rfe8 22. Qf2 Bc5 23. Rfd1 Bxe3 24. Qxe3 e4 25. Be2 Qe5 26. g4 h6 27. g5
Nfd5 28. Nxd5 Nxd5 29. Qd4 Nf4 30. Bc4 hxg5 31. Bxf7 Qxd4 32. Rxd4 Re5 33. Bc4
Rce8 34. Re1 e3 35. Bf7 Re4 36. Rd6 Rc8 37. c4 Kh7 38. Ra6 Rb8 39. Rxa5 Rxb2
40. Ra8 e2 41. Rd8 g4 42. Kg1 Re3 43. Bg6+ Kh6 44. h4 gxh3 45. Kf2 Rd3 46. Rh8+
Kg5 47. Rg1+ Ng2 48. Rxg2+ hxg2 49. Re8 e1=Q+ 0-1

[Event "39th Olympiad Khanty-Mansiysk 2010"]
[Site "Khanty-Mansiysk/Russia"]
[Date "2010.09.21"]
[Round "1"]
[White "Lee, Kiyul"]
[Black "Gomez, John Paul"]
[Result "0-1"]
[WhiteElo "1971"]
[BlackElo "2527"]
[PlyCount "64"]
[EventDate "2010.??.??"]
[WhiteTeam "Korea"]
[BlackTeam "Philippines"]
[WhiteTeamCountry "KOR"]
[BlackTeamCountry "PHI"]
[TimeControl "40/5400+30:1800+30"]

1. e4 c5 2. Nf3 g6 3. d4 cxd4 4. Nxd4 Bg7 5. Nc3 Nc6 6. Be3 Nf6 7. f3 O-O 8.
Qd2 d5 9. O-O-O dxe4 10. Nxc6 Qxd2+ 11. Rxd2 bxc6 12. Nxe4 Nd5 13. Bg5 f6 14.
c4 fxg5 15. cxd5 cxd5 16. Nc5 Rb8 17. g4 Rf4 18. Rxd5 Bxb2+ 19. Kc2 Ba3 20.
Rd8+ Kf7 21. Ne4 e6 22. Bc4 Ke7 23. Rh8 Rb2+ 24. Kc3 Rxf3+ 25. Bd3 Ba6 26.
Rxh7+ Kf8 27. Rd1 Rb6 28. Rc7 Bd6 29. Rxa7 Be5+ 30. Kc2 Bxd3+ 31. Rxd3 Rb2+ 32.
Kc1 Rxd3 0-1

[Event "39th Olympiad Khanty-Mansiysk 2010"]
[Site "Khanty-Mansiysk/Russia"]
[Date "2010.09.21"]
[Round "1"]
[White "Stolberg-Rohr, Thomine"]
[Black "Matoussi, Amani"]
[Result "1-0"]
[WhiteElo "1967"]
[BlackElo "1545"]
[PlyCount "55"]
[EventDate "2010.??.??"]
[WhiteTeam "Denmark"]
[BlackTeam "Tunisia"]
[WhiteTeamCountry "DEN"]
[BlackTeamCountry "TUN"]
[TimeControl "40/5400+30:1800+30"]

1. e4 e5 2. Nc3 Nf6 3. Bc4 Be7 4. d3 Nc6 5. f4 d6 6. Nf3 exf4 7. Bxf4 Na5 8.
Bb3 Nxb3 9. axb3 O-O 10. O-O Bg4 11. Qe1 Qd7 12. e5 Ne8 13. Qg3 Bh5 14. Nd5 Bd8
15. Ne3 dxe5 16. Bxe5 Bf6 17. Rae1 Qd8 18. Bxf6 Nxf6 19. Nf5 Bg6 20. Ne7+ Kh8
21. Kh1 c6 22. Ng5 Qd4 23. Nxg6+ fxg6 24. Ne6 Qxb2 25. Nxf8 Rxf8 26. Qf2 b6 27.
Re7 Qa3 28. Qe2 1-0

[Event "39th Olympiad Khanty-Mansiysk 2010"]
[Site "Khanty-Mansiysk/Russia"]
[Date "2010.09.21"]
[Round "1"]
[White "Jennitha, Anto K"]
[Black "Danielian, Elina"]
[Result "0-1"]
[WhiteElo "1966"]
[BlackElo "2466"]
[PlyCount "94"]
[EventDate "2010.??.??"]
[WhiteTeam "IPC"]
[BlackTeam "Armenia"]
[BlackTeamCountry "ARM"]
[TimeControl "40/5400+30:1800+30"]

1. e4 e6 2. d4 d5 3. Nd2 a6 4. exd5 exd5 5. Ngf3 c5 6. dxc5 Bxc5 7. Nb3 Bd6 8.
Qe2+ Ne7 9. Be3 O-O 10. O-O-O Nbc6 11. Nbd4 Bg4 12. h3 Bh5 13. g4 Bg6 14. Nh4
Nxd4 15. Bxd4 Re8 16. Nxg6 Nxg6 17. Qf3 Re4 18. Qb3 Nf4 19. a3 Rc8 20. Kb1 b5
21. Be3 Qf6 22. Bd3 Nxd3 23. Rxd3 b4 24. Qxd5 bxa3 25. Bd4 Qe7 26. Bc3 Re6 27.
b3 Qc7 28. Rc1 Bf8 29. Bd2 Rc6 30. c4 Rd6 31. Qf3 Rxd3 32. Qxd3 Rd8 33. Qc3 Bc5
34. Be3 a5 35. Ka2 h6 36. Bxc5 Qxc5 37. Qc2 Rb8 38. Rb1 g6 39. Qd2 a4 40. Qc2
Rb4 41. Qd2 axb3+ 42. Rxb3 Rxc4 43. Qe3 Rc2+ 44. Kb1 a2+ 45. Ka1 Qc6 46. Rb2
Rc1+ 47. Kxa2 Qa4+ 0-1

[Event "39th Olympiad Khanty-Mansiysk 2010"]
[Site "Khanty-Mansiysk/Russia"]
[Date "2010.09.21"]
[Round "1"]
[White "Chen, Eachen"]
[Black "Rozic, Vesna"]
[Result "0-1"]
[WhiteElo "1966"]
[BlackElo "2289"]
[PlyCount "78"]
[EventDate "2010.??.??"]
[WhiteTeam "New Zealand"]
[BlackTeam "Slovenia"]
[WhiteTeamCountry "NZL"]
[BlackTeamCountry "SLO"]
[TimeControl "40/5400+30:1800+30"]

1. e4 e6 2. d4 d5 3. exd5 exd5 4. Bd3 c5 5. dxc5 Bxc5 6. Nf3 Nc6 7. O-O Nge7 8.
Nc3 h6 9. Bf4 O-O 10. Qd2 Nb4 11. Bb5 a6 12. Ba4 Nbc6 13. Bb3 d4 14. Ne4 Bb4
15. Qe2 Bg4 16. h3 d3 17. Qe3 Nf5 18. Qxd3 Qxd3 19. cxd3 Bxf3 20. gxf3 Nfd4 21.
Kg2 Nxb3 22. axb3 Rad8 23. Rfd1 f5 24. Ng3 Rd7 25. Rac1 Rfd8 26. Nxf5 Rxd3 27.
Rxd3 Rxd3 28. Rc4 Rxb3 29. Nd4 Nxd4 30. Rxd4 Be7 31. Rd7 Bf6 32. Rc7 Rxb2 33.
Be3 Rb1 34. f4 Kh7 35. Kf3 a5 36. Bd2 a4 37. Rc4 b5 38. Rb4 Rxb4 39. Bxb4 Bb2
0-1

[Event "39th Olympiad Khanty-Mansiysk 2010"]
[Site "Khanty-Mansiysk/Russia"]
[Date "2010.09.21"]
[Round "1"]
[White "Guo, Emma"]
[Black "Amadasun, Rosemary"]
[Result "1-0"]
[WhiteElo "1964"]
[BlackElo "1900"]
[PlyCount "79"]
[EventDate "2010.??.??"]
[WhiteTeam "Australia"]
[BlackTeam "Nigeria"]
[WhiteTeamCountry "AUS"]
[BlackTeamCountry "NGR"]
[TimeControl "40/5400+30:1800+30"]

1. e4 e5 2. Nf3 Nc6 3. d4 exd4 4. Bc4 Be7 5. O-O d6 6. Nxd4 Nf6 7. Nc3 O-O 8.
Nxc6 bxc6 9. Bf4 Re8 10. Re1 Bg4 11. f3 Bh5 12. Bb3 Qc8 13. Qd3 Nd7 14. Rad1
Nc5 15. Qc4 Nxb3 16. axb3 Qb7 17. Ra1 Bf6 18. Be3 a6 19. Ra4 d5 20. exd5 cxd5
21. Qxd5 Qxd5 22. Nxd5 Be5 23. g4 Bg6 24. f4 Bxc2 25. fxe5 Bxb3 26. Ra5 Bxd5
27. Rxd5 h6 28. Rc1 Rab8 29. Bd4 Rbd8 30. Rxd8 Rxd8 31. Rc4 Kf8 32. Bc3 Rd7 33.
Rc6 a5 34. Bxa5 Ke8 35. Rxc7 Rxc7 36. Bxc7 Kd7 37. Bd6 f6 38. Bf8 fxe5 39. Bxg7
Ke6 40. Bxh6 1-0

[Event "39th Olympiad Khanty-Mansiysk 2010"]
[Site "Khanty-Mansiysk/Russia"]
[Date "2010.09.21"]
[Round "1"]
[White "Correa, Jaqueline Pamplon"]
[Black "Huang, Qian"]
[Result "0-1"]
[WhiteElo "1963"]
[BlackElo "2436"]
[PlyCount "92"]
[EventDate "2010.??.??"]
[WhiteTeam "Brazil"]
[BlackTeam "China"]
[WhiteTeamCountry "BRA"]
[BlackTeamCountry "CHN"]
[TimeControl "40/5400+30:1800+30"]

1. e4 c5 2. Nf3 d6 3. d4 cxd4 4. Nxd4 Nf6 5. Nc3 a6 6. Bg5 Nc6 7. f4 Qb6 8. Nb3
e6 9. Qf3 Be7 10. O-O-O Bd7 11. Bd3 h6 12. Bh4 g5 13. fxg5 Ne5 14. Qe2 Nfg4 15.
Kb1 Qe3 16. Qxe3 Nxe3 17. Rd2 hxg5 18. Bg3 Rc8 19. Re1 N3c4 20. Rdd1 g4 21. Nd2
Nxd2+ 22. Rxd2 Bg5 23. Rf2 Ke7 24. Ref1 Rh7 25. Bxe5 dxe5 26. Be2 Be3 27. Rf6
Bf4 28. R6xf4 exf4 29. Bxg4 Rxh2 30. Bf3 Rch8 31. b3 Rh1 32. Rxh1 Rxh1+ 33. Kb2
Bc6 34. a4 a5 35. Ne2 e5 36. Nc3 Re1 37. Ka3 Kd6 38. Kb2 Kc5 39. Bh5 Bxe4 40.
Nxe4+ Rxe4 41. Bf3 Re3 42. Bxb7 e4 43. Ba6 f3 44. gxf3 exf3 45. Kc1 f2 46. Kd2
Re1 0-1

[Event "39th Olympiad Khanty-Mansiysk 2010"]
[Site "Khanty-Mansiysk/Russia"]
[Date "2010.09.21"]
[Round "1"]
[White "Malakar, Prachand Man"]
[Black "Gonzalez Garcia, Jose"]
[Result "1/2-1/2"]
[WhiteElo "1959"]
[BlackElo "2543"]
[PlyCount "70"]
[EventDate "2010.??.??"]
[WhiteTeam "Nepal"]
[BlackTeam "Mexico"]
[WhiteTeamCountry "NEP"]
[BlackTeamCountry "MEX"]
[TimeControl "40/5400+30:1800+30"]

1. d4 Nf6 2. c4 e6 3. Nc3 Bb4 4. Bd2 O-O 5. e3 b6 6. Nf3 Bb7 7. Be2 c5 8. O-O
d6 9. a3 Bxc3 10. Bxc3 Ne4 11. Be1 Nc6 12. Rc1 f5 13. Nd2 Nxd2 14. Qxd2 f4 15.
Bf3 fxe3 16. fxe3 Na5 17. Bxb7 Rxf1+ 18. Kxf1 Nxb7 19. Bg3 Qg5 20. Bf4 Rf8 21.
Kg1 Qf5 22. Bg3 Qe4 23. Re1 h6 24. b4 Rf5 25. Qd1 h5 26. Qb1 Qg4 27. Qd1 Qg5
28. dxc5 bxc5 29. Bxd6 h4 30. h3 Nxd6 31. Qxd6 Re5 32. bxc5 Rxe3 33. Rxe3 Qxe3+
34. Kh2 e5 35. c6 Qg3+ 1/2-1/2

[Event "39th Olympiad Khanty-Mansiysk 2010"]
[Site "Khanty-Mansiysk/Russia"]
[Date "2010.09.21"]
[Round "1"]
[White "Lebrun, Piersont"]
[Black "Thorfinnsson, Bjorn"]
[Result "0-1"]
[WhiteElo "1956"]
[BlackElo "2404"]
[PlyCount "82"]
[EventDate "2010.??.??"]
[WhiteTeam "Haiti"]
[BlackTeam "Iceland"]
[WhiteTeamCountry "HAI"]
[BlackTeamCountry "ISL"]
[TimeControl "40/5400+30:1800+30"]

1. Nf3 Nf6 2. c4 e6 3. Nc3 d5 4. d4 c6 5. e3 Nbd7 6. cxd5 exd5 7. Bd3 Bd6 8.
O-O O-O 9. h3 Re8 10. b3 Ne4 11. Bb2 f5 12. Qc2 g5 13. Rfe1 Qf6 14. Bf1 g4 15.
hxg4 fxg4 16. Nxe4 Rxe4 17. Nd2 Bh2+ 18. Kxh2 Qxf2 19. Qxe4 dxe4 20. Bc4+ Kg7
21. d5+ Kh6 22. Re2 Qh4+ 23. Kg1 g3 24. Nf1 b5 25. dxc6 Nb6 26. Bf7 Bg4 27. Rd2
Rd8 28. Rxd8 Qxd8 29. Nxg3 Qc7 30. Nxe4 Bf5 31. Rf1 Bxe4 32. Rf6+ Bg6 33. Bg8
Kg5 34. Bd4 Qd8 35. Be6 Qxf6 36. Bxf6+ Kxf6 37. Bh3 Bf5 38. g4 Bc8 39. a4 bxa4
40. bxa4 Ke5 41. a5 Nc4 0-1

[Event "39th Olympiad Khanty-Mansiysk 2010"]
[Site "Khanty-Mansiysk/Russia"]
[Date "2010.09.21"]
[Round "1"]
[White "Ibrahim, Delbak Ismael"]
[Black "Bojkovic, Natasa"]
[Result "0-1"]
[WhiteElo "1954"]
[BlackElo "2368"]
[PlyCount "60"]
[EventDate "2010.??.??"]
[WhiteTeam "Iraq"]
[BlackTeam "SRB"]
[WhiteTeamCountry "IRQ"]
[TimeControl "40/5400+30:1800+30"]

1. e4 c5 2. Nc3 a6 3. a4 e6 4. f4 d5 5. Nf3 Nc6 6. d3 Nge7 7. g3 g6 8. Bg2 Bg7
9. O-O O-O 10. Kh1 Rb8 11. Ne2 b5 12. axb5 axb5 13. exd5 exd5 14. d4 c4 15. Ne5
Bf5 16. c3 f6 17. Nxc6 Nxc6 18. Ng1 Qd7 19. b4 Rfe8 20. Bb2 Be4 21. Nf3 Re7 22.
Ne1 Rbe8 23. Bxe4 Rxe4 24. Nc2 Re2 25. Re1 Qg4 26. Rxe2 Rxe2 27. Ne1 Qe6 28.
Ba3 Qe4+ 29. Kg1 Qe3+ 30. Kh1 Qf2 0-1